 Dungeon Sprint DCSS version 0.31.0-32-g396128a36d (webtiles) character file.

Game seed: 6049772449552055077

2599 James the Marksdraconian (level 9, 0/64 HPs)
             Began as a Yellow Draconian Hexslinger on Mar 16, 2024.
             Was a High Priest of Fedhas.
             Slain by a wolf (3 damage)
             ... in the Dungeon (Sprint V: "Ziggurat Sprint").
             The game lasted 00:03:17 (465 turns).

James the Marksdraconian (DrHs)                      Turns: 465, Time: 00:03:17

Health: 0/64       AC: 11    Str: 11    XL:     9   Next: 33%
Magic:  10/10      EV: 12    Int: 14    God:    Fedhas [*****.]
Gold:   0          SH:  0    Dex: 23    Spells: 1/10 levels left

rFire   . . .        a - +27 heavy crossbow "Sniper" {heavy, Acc+∞ SInv}
rCold   . . .        (shield currently unavailable)
rNeg    . . .        (body armour unavailable)
rPois   .            (helmet restricted)
rElec   +            (no cloak)
rCorr   +            (no gloves)
SInv    +            (no boots)
Will    .....        (no amulet)
Stlth   ++           Q - ring "Rouc Di Bull" {+Blink rElec AC+4}
HPRegen 0.30/turn    T - +6 ring of dexterity
MPRegen 0.12/turn

%: no teleportation
@: lethally poisoned (0 -> -3), slowed, studying Long Blades, very slow
A: spit acid, AC +7, unfitting armour, cold-blooded, acid resistance
a: Breathe Acid, Renounce Religion, Evoke Blink, Wall of Briars, Grow
Ballistomycete, Overgrow, Grow Oklob


You were in the Dungeon.
You worshipped Fedhas.
Fedhas was extremely pleased with you.
You visited 1 branch

Inventory:

Hand Weapons
 a - the +27 heavy crossbow "Sniper" (weapon) {heavy, Acc+∞ SInv}
   (You found it in the Dungeon)

   Acc+∞: It never misses its target.
   SInv:      It lets you see invisible.
 u - the +6 Majin-Bo {spellvamp, MP+6 Int+6}
   (You found it in the Dungeon)

   Int+6:     It affects your intelligence (+6).
   MP+6:      It affects your magic capacity (+6).
 w - the +10 dark maul {heavy}
   (You found it in the Dungeon)
 y - the +16 obsidian axe {drain, demonic, Mesm ^Drain Fly SInv}
   (You found it in the Dungeon)

   Mesm:      Its wielder is mesmerised by any visible foes, and it cannot be
   unequipped while any foes are visible.
   SInv:      It lets you see invisible.
   Fly:       It grants you flight.
   ^Drain:    It drains your maximum health when unequipped.
 z - the +7 great mace "Firestarter" {flame, immolate, rFlCloud rF++}
   (You found it in the Dungeon)

   rFlCloud:  It grants immunity to clouds of flame.
   rF++:      It greatly protects you from fire.
 A - the +6 shillelagh "Devastator" {shatter}
   (You found it in the Dungeon)
 B - the +11 plutonium sword {^Contam Stlth-}
   (You found it in the Dungeon)

   ^Contam:   It causes magical contamination when unequipped.
   Stlth-:    It makes you less stealthy.
 C - the +8 lance "Wyrmbane" {slay drac, rPois rF+ rC+ AC+3}
   (You found it in the Dungeon)

   AC+3:      It affects your AC (+3).
   rF+:       It protects you from fire.
   rC+:       It protects you from cold.
   rPois:     It protects you from poison
 D - the +9 sword of Zonguldrok {reap}
   (You found it in the Dungeon)
 E - the +13 scythe of Curses {drain, curses, ^Drain}
   (You found it in the Dungeon)

   ^Drain:    It drains your maximum health when unequipped.
 F - the +9 sword of Power {lifebolt}
   (You found it in the Dungeon)
 G - the +7 mace of Variability {chaos, chaos arc}
   (You found it in the Dungeon)
 H - the +11 Singing Sword {sonic wave}
   (You found it in the Dungeon)
 I - the +8 storm bow {elec, penet}
   (You found it in the Dungeon)
 J - a +5 arbalest
   (You found it in the Dungeon)
 K - a +5 hand cannon
   (You found it in the Dungeon)
 L - a +5 longbow
   (You found it in the Dungeon)
 M - a +5 orcbow
   (You found it in the Dungeon)
 N - a +5 shortbow
   (You found it in the Dungeon)
 O - a +5 sling
   (You found it in the Dungeon)
 P - a +5 triple crossbow
   (You found it in the Dungeon)
 R - a +1 sling
 U - the +4 hand axe of Dissatisfaction {flame, rF+ rC+++ Str+4 Int-2}
   (You found it in the Dungeon)

   Str+4:     It affects your strength (+4).
   Int-2:     It affects your intelligence (-2).
   rF+:       It protects you from fire.
   rC+++:     It renders you almost immune to cold.
Armour
 x - the +18 shield of the Gong {Loud rN+ Will+ rCorr EV-5}
   (You found it in the Dungeon)

   Loud:      It is deafeningly noisy when blocking attacks.
   EV-5:      It affects your evasion (-5).
   rN+:       It protects you from negative energy.
   Will+:     It increases your willpower.
   rCorr:     It protects you from acid and corrosion.
Magical Staves
 S - the staff of the Well-Known Shrikes {^Contam rF+ rC+ Dex+3 Conj}
   (You found it in the Dungeon)

   [staff of conjuration]

   Base accuracy: +5 Base damage: 5 Base attack delay: 1.2 This weapon's minimum
   attack delay (0.6) is reached at skill level 12.
   Dex+3:     It affects your dexterity (+3).
   rF+:       It protects you from fire.
   rC+:       It protects you from cold.
   ^Contam:   It causes magical contamination when unequipped.
   Conj:      It increases the power of your Conjurations spells.
   It falls into the 'Staves' category.
   It is a one-handed weapon.
Jewellery
 r - a ring of flight
   (You found it in the Dungeon)
 Q - the ring "Rouc Di Bull" (left hand) {+Blink rElec AC+4}
   (You found it in the Dungeon)

   [ring of protection]

   AC+4:      It affects your AC (+4).
   rElec:     It insulates you from electricity.
   +Blink:    It lets you blink.
 T - a +6 ring of dexterity (right hand)
   (You found it in the Dungeon)
 V - a ring of willpower
   (You found it in the Dungeon)
Wands
 s - a wand of mindburst (7)
   (You found it in the Dungeon)
 t - a wand of flame (15)
   (You found it in the Dungeon)
 v - a wand of digging (5)
   (You found it in the Dungeon)
 X - a wand of quicksilver (7)
   (You found it in the Dungeon)
Scrolls
 b - a scroll of poison {!r}
 h - 4 scrolls of blinking
 n - 4 scrolls of amnesia
 o - 7 scrolls of fog
 p - 5 scrolls of identify {@r1}
 q - 2 scrolls of fear
 W - 4 scrolls of enchant armour
Potions
 c - 10 potions of curing {@q1}
 d - 14 potions of heal wounds {@q2}
 e - 6 potions of haste {@q3}
 f - 7 potions of magic
 g - 3 potions of berserk rage
 i - 2 potions of brilliance
 j - 2 potions of invisibility
 k - 4 potions of resistance
 l - a potion of experience
 m - 5 potions of might


   Skills:
 - Level 1.1 Fighting
 - Level 18.1 Ranged Weapons
 - Level 1.7 Dodging
 - Level 1.0 Spellcasting
 * Level 5.7 Hexes
 * Level 5.3 Translocations
 - Level 1.0 Fire Magic


You had one spell level left.
You knew the following spells:

 Your Spells              Type           Power      Damage    Failure   Level
a - Jinxbite              Hex            32%        N/A       3%          2
b - Inner Flame           Hex/Fire       10%        N/A       21%         3
c - Dimensional Bullseye  Hex/Tloc       8%         N/A       26%         4

Your spell library contained the following spells:

 Spells                   Type           Power      Damage    Failure   Level
 Sting                    Conj/Alch      0%         1d3       26%         1
 Sigil of Binding         Hex            16%        N/A       8%          3
 Cause Fear               Hex            8%         N/A       26%         4
 Alistair's Intoxication  Alch           0%         N/A       100%        5
 Irradiate                Conj/Alch      0%         3d11      100%        5


Dungeon Overview and Level Annotations

Branches:
Dungeon (1/1)

Altars:
Ashenzari
Cheibriados
Dithmenos
Elyvilon
Fedhas
Gozag
Hepliaklqana
Kikubaaqudgha
Makhleb
Nemelex Xobeh
Okawaru
Qazlal
Ru
Sif Muna
Trog
Uskayaw
Vehumet
Wu Jian
Xom
Yredelemnul
Zin
The Shining One
Jiyva
Lugonu


Innate Abilities, Weirdness & Mutations

You can spit globs of acid.
Your golden yellow scales are hard. (AC +7)
You cannot fit into any form of body armour.
You are cold-blooded and may be slowed by cold attacks.
You are resistant to acid. (rCorr)


Message History

The spriggan druid hits you with a +0 quarterstaff!
The hornet closely misses you. The spriggan closely misses you.
The wolf barely misses you.
The spriggan druid hits you but does no damage.
The spriggan hits you with a +0 rapier! The hornet closely misses you.
The spriggan hits you but does no damage.
The wolf barely misses you. The spriggan misses you.
The spriggan druid closely misses you.
Fire: a) +27 heavy crossbow "Sniper" {heavy, Acc+∞ SInv}
Press: ? - help, Q - select action, (/) - cycle Shift-Dir - straight line, f/p - spriggan druid
Aim: a spriggan druid, wielding a +0 quarterstaff and wearing a +0 robe (severely wounded, 100% to hit)
You shoot a bolt. The bolt hits the spriggan druid!!!
With its final breath, the spriggan druid offers up its power to the beasts of the wild!
The wolf is healed.
The hornet is healed.
The wolf seems to grow more fierce. x2
The hornet seems to grow more fierce.
You kill the spriggan druid!
Fedhas appreciates your contribution to the ecosystem.
You can now grow an oklob plant.
The wolf misses you. The hornet misses you. The wolf bites you.
The hornet stings you.
* * * LOW HITPOINT WARNING * * *
You feel yourself slow down. The wolf closely misses you.
The spriggan hits you with a +0 rapier!
* * * LOW HITPOINT WARNING * * *
The spriggan misses you. The wolf closely misses you.
The hornet closely misses you. The wolf bites you but does no damage.
The spriggan hits you with a +0 rapier.
* * * LOW HITPOINT WARNING * * *
The spriggan misses you. The wolf bites you.
* * * LOW HITPOINT WARNING * * *
The hornet stings you!
* * * LOW HITPOINT WARNING * * *
You are poisoned.
You feel as though you will be slow longer.
The wolf closely misses you. The spriggan hits you with a +0 rapier.
* * * LOW HITPOINT WARNING * * *
Your Hexes skill gained 2 levels and is now at level 5!
Your Translocations skill gained 3 levels and is now at level 5!
Unknown command.
Fire: a) +27 heavy crossbow "Sniper" {heavy, Acc+∞ SInv}
Press: ? - help, Q - select action, (/) - cycle Shift-Dir - straight line, f - hornet
Aim: a hornet (strong, 100% to hit)
You shoot a bolt. The bolt hits the hornet!!
* * * LOW HITPOINT WARNING * * *
You feel extremely sick.
The wolf bites you but does no damage. x2
The hornet stings you but does no damage.
The wolf bites you.
You die...
Fedhas appreciates your contribution to the ecosystem.

▓..[:)..▓
▓..=):..▓
▓.......▓
▓.......▓
▓.......▓
▓.......▓
▓..yhh..▓
▓..i@i..▓
▓▓▓▓▓▓▓▓▓


You could see a hornet (strong), 2 spriggans and 2 wolves.

Vanquished Creatures
  A spriggan druid (D)
  3 ugly things (D)
  A rime drake (D)
  A spriggan (D)
  A steam dragon (D)
  A naga (D)
  A water moccasin (D)
  A quasit (D)
  An orc priest (D)
  An iron imp (D)
  An iguana (shapeshifter) (D)
  An adder (D)
  A shadow imp (D)
  A white imp (D)
  An ufetubus (D)
  2 orcs (D)
  A ball python (D)
20 creatures vanquished.

Notes
Turn   | Place    | Note
-------+----------+-------------------------------------------
     0 | D        | James the Draconian Hexslinger began the quest for the Orb.
     0 | D        | Reached XP level 1. HP: 16/16 MP: 2/2
     0 | D        | Found a shimmering blue altar of Sif Muna.
     0 | D        | Found a sacrificial altar of Ru.
     0 | D        | Found a bloodstained altar of Trog.
     0 | D        | Found a stormy altar of Qazlal.
     0 | D        | Found an iron altar of Okawaru.
     0 | D        | Found a sparkling altar of Nemelex Xobeh.
     0 | D        | Found a blossoming altar of Fedhas.
     0 | D        | Found the +6 Majin-Bo {spellvamp, MP+6 Int+6}
     0 | D        | Found the +27 heavy crossbow "Sniper" {heavy, Acc+∞ SInv}
     0 | D        | Found the +10 dark maul {heavy}
     0 | D        | Found the +15 Maxwell's patent armour {-Cast -Tele rElec
                  | Will+ rCorr}
     0 | D        | Found the +18 shield of the Gong {Loud rN+ Will+ rCorr
                  | EV-5}
     0 | D        | Found the +16 obsidian axe {drain, demonic, Mesm ^Drain Fly
                  | SInv}
     0 | D        | Found the +7 great mace "Firestarter" {flame, immolate,
                  | rFlCloud rF++}
     0 | D        | Found the +6 shillelagh "Devastator" {shatter}
     0 | D        | Found the +11 plutonium sword {^Contam Stlth-}
     0 | D        | Found the +8 lance "Wyrmbane" {slay drac, rPois rF+ rC+
                  | AC+3}
     0 | D        | Found the +9 sword of Zonguldrok {reap}
     0 | D        | Found the +13 scythe of Curses {drain, curses, ^Drain}
     0 | D        | Found the +9 sword of Power {lifebolt}
     0 | D        | Found the +7 mace of Variability {chaos, chaos arc}
     0 | D        | Found the +11 Singing Sword {sonic wave}
     0 | D        | Found the +8 storm bow {elec, penet}
     2 | D        | Found a transporter.
     2 | D        | Found an ancient bone altar of Kikubaaqudgha.
     2 | D        | Found a viscous altar of Jiyva.
     2 | D        | Found a corrupted altar of Lugonu.
     2 | D        | Found a hazy altar of Hepliaklqana.
     2 | D        | Found a burning altar of Makhleb.
     2 | D        | Found an opulent altar of Gozag.
    58 | D        | Became a worshipper of Fedhas Madash
    66 | D        | Entered arena 2.
    66 | D        | Noticed a steam dragon
    66 | D        | Noticed a rime drake
    66 | D        | Found a transporter.
    67 | D        | Killed a steam dragon
    68 | D        | Reached skill level 9 in Ranged Weapons
    68 | D        | Reached XP level 2. HP: 7/23 MP: 3/3
    68 | D        | Reached XP level 3. HP: 9/28 MP: 4/4
    68 | D        | Reached XP level 4. HP: 11/35 MP: 5/5
    68 | D        | Killed a rime drake
    69 | D        | Reached skill level 13 in Ranged Weapons
    69 | D        | Reached XP level 5. HP: 14/40 MP: 6/6
    69 | D        | Reached XP level 6. HP: 16/47 MP: 7/7
   186 | D        | Entered arena 3.
   186 | D        | Found a transporter.
   187 | D        | Reached * piety under Fedhas
   199 | D        | Got the ring "Rouc Di Bull" {+Blink rElec AC+4}
   208 | D        | Entered arena 4.
   208 | D        | Noticed a water moccasin
   208 | D        | Noticed a naga
   208 | D        | Found a transporter.
   209 | D        | Killed a water moccasin
   209 | D        | Reached ** piety under Fedhas
   210 | D        | Your scales start taking on a golden yellow colour.
   210 | D        | Reached XP level 7. HP: 52/52 MP: 8/8
   210 | D        | Gained mutation: You are resistant to acid. (rCorr) [Yellow
                  | Draconian growth]
   211 | D        | Reached skill level 14 in Ranged Weapons
   221 | D        | Got the staff of the Well-Known Shrikes {^Contam rF+ rC+
                  | Dex+3 Conj}
   228 | D        | Entered arena 5.
   228 | D        | Noticed a red ugly thing
   228 | D        | Noticed a warg
   228 | D        | Noticed a cyan ugly thing
   228 | D        | Noticed a red ugly thing
   228 | D        | Found a transporter.
   230 | D        | Killed a red ugly thing
   230 | D        | Reached *** piety under Fedhas
   231 | D        | Reached skill level 16 in Ranged Weapons
   231 | D        | Reached XP level 8. HP: 15/59 MP: 9/9
   233 | D        | Killed a cyan ugly thing
   234 | D        | Reached skill level 17 in Ranged Weapons
   234 | D        | Killed a white ugly thing
   236 | D        | Reached skill level 18 in Ranged Weapons
   408 | D        | Got the +4 hand axe of Dissatisfaction {flame, rF+ rC+++
                  | Str+4 Int-2}
   415 | D        | Entered arena 6.
   415 | D        | Found a transporter.
   416 | D        | Reached **** piety under Fedhas
   421 | D        | Reached XP level 9. HP: 59/64 MP: 10/10
   442 | D        | Got Sif Muna's Volume of Impurities
   450 | D        | Learned a level 2 spell: Jinxbite
   454 | D        | Learned a level 3 spell: Inner Flame
   459 | D        | Learned a level 4 spell: Dimensional Bullseye
   460 | D        | Entered arena 7.
   460 | D        | Noticed a spriggan druid
   460 | D        | Noticed a spriggan rider
   464 | D        | Killed a spriggan druid
   464 | D        | Reached ***** piety under Fedhas
   465 | D        | Reached skill level 5 in Hexes
   465 | D        | Reached skill level 5 in Translocations
   465 | D        | HP: 3/64 [poisoned by a hornet]
   465 | D        | Slain by a wolf

Illustrated notes

Levels and vault maps discovered:
D:        sprint_v [room_start, room_1, room_2, room_3, room_4, room_5, room_6,
          room_7, room_8, room_9, room_10, room_11, room_12, room_13, room_14,
          room_15, room_16, room_17, room_18, room_19, room_20, room_21,
          room_22, room_23, room_24, room_25, room_26, room_27]

Skill      XL: |  1  2  3  4  5  6  7  8  9 |
---------------+----------------------------+-----
Ranged Weapons | 9 13 16 18 | 18.1
Hexes          | 5 |  5.7
Translocations | 5 |  5.3
Fighting       | |  1.1
Dodging        | |  1.7
Spellcasting   | |  1.0
Fire Magic     | |  1.0

Action                     |  1- 3 |  4- 6 |  7- 9 || total
---------------------------+-------+-------+-------++-------
   Fire: Heavy crossbow    |     1 |     5 |    20 ||    26
 Armour: Skin              |     2 |       |    37 ||    39
  Dodge: Dodged            |     1 |     1 |    37 ||    39
